 Dungeon Crawl Stone Soup version 0.31-a0-968-g24f9ace8b5 (webtiles) character file.

Game seed: 11931703554410270131

4795 Dittersdorf the Protected (level 10, -2/65 HPs)
             Began as a Gargoyle Fighter on Oct 27, 2023.
             Was a Priest of Okawaru.
             Slain by a wraith (10 damage)
             ... on level 9 of the Dungeon.
             The game lasted 00:09:44 (8406 turns).

Dittersdorf the Protected (Gargoyle Fighter)        Turns: 8406, Time: 00:09:45

Health: -2/65      AC: 30    Str: 25    XL:     10   Next: 48%
Magic:  10/10      EV:  8    Int:  8    God:    Okawaru [***...]
Gold:   485        SH: 10    Dex:  9    Spells: 9/9 levels left

rFire   . . .        g - +0 flail (protect)
rCold   . . .        h - +0 kite shield
rNeg    + . .        f - +0 chain mail
rPois   ∞            (no helmet)
rElec   +            (no cloak)
rCorr   .            p - +0 pair of gloves
SInv    +            (no boots)
Will    .....        u - amulet of the acrobat Stlth
                     q - ring of see invisible
HPRegen 0.30/turn    t - +4 ring of protection
MPRegen 0.12/turn

%: acrobat
@: under a protective aura, slowed, very slow
A: sickness immunity, AC +7, negative energy resistance 1, electricity
resistance, torment resistance 1, petrification resistance
a: Renounce Religion, Heroism


You were on level 9 of the Dungeon.
You worshipped Okawaru.
Okawaru was most pleased with you.
You visited 2 branches of the dungeon, and saw 10 of its levels.

You collected 485 gold pieces.

Inventory:

Hand Weapons
 g - a +0 flail of protection (weapon)
Missiles
 m - 2 curare-tipped darts (quivered)
 o - 3 throwing nets
Armour
 f - a +0 chain mail (worn)
 h - a +0 kite shield (worn)
 k - a +0 plate armour
 p - a +0 pair of gloves (worn)
Jewellery
 c - a ring of flight
 q - a ring of see invisible (left hand)
 r - a ring of positive energy
 t - a +4 ring of protection (right hand)
 u - an amulet of the acrobat (around neck)
Wands
 s - a wand of roots (12)
 w - a wand of quicksilver (7)
Scrolls
 a - 5 scrolls of teleportation
 n - a scroll of poison
Potions
 b - a potion of haste
 d - a potion of might
 e - 2 potions of ambrosia
 i - 2 potions of mutation
 l - a potion of curing
 v - a potion of enlightenment
 x - 2 potions of resistance
 z - a potion of brilliance


   Skills:
 + Level 8.9 Fighting
 + Level 7.8 Maces & Flails
 + Level 9.0 Armour
 + Level 9.0 Shields


You had 9 spell levels left.
You didn't know any spells.
Your spell library contained the following spells:

 Spells                   Type           Power      Damage    Failure   Level
 Apportation              Tloc           0%         N/A       97%         1
 Kiss of Death            Conj/Necr      0%         2d5       97%         1
 Necrotise                Necr           0%         1d4       97%         1
 Confusing Touch          Hex            0%         N/A       100%        3
 Dazzling Flash           Conj/Hex       0%         N/A       100%        3
 Ozocubu's Armour         Ice            0%         N/A       100%        3
 Sigil of Binding         Hex            0%         N/A       100%        3
 Dimensional Bullseye     Hex/Tloc       0%         N/A       100%        4
 Dispel Undead            Necr           0%         3d6       100%        4
 Leda's Liquefaction      Hex/Erth       0%         N/A       100%        4
 Passage of Golubria      Tloc           0%         N/A       100%        4
 Agony                    Necr           0%         N/A       100%        5
 Silence                  Hex/Air        0%         N/A       100%        5
 Ozocubu's Refrigeration  Ice            0%         4d7       100%        7
 Lehudib's Crystal Spear  Conj/Erth      0%         10d2      100%        8
 Summon Small Mammal      Summ           Unusable   N/A       N/A         1
 Call Canine Familiar     Summ           Unusable   N/A       N/A         3

Dungeon Overview and Level Annotations

Branches:
Dungeon (9/15)             Temple (1/1) D:6
   Lair: D:8-11         Orc: D:9-12

Altars:
Ashenzari
Cheibriados
Dithmenos
Fedhas
Gozag
Hepliaklqana
Kikubaaqudgha
Makhleb
Nemelex Xobeh
Okawaru
Qazlal
Trog
Uskayaw
Vehumet
Wu Jian
Xom
Yredelemnul
Zin
The Shining One

Shops:
D:1 (   D:2 *   D:4 :


Innate Abilities, Weirdness & Mutations

You are immune to sickness and miasma.
Your stone body is resilient. (AC +7)
You are immune to poison.
You resist negative energy. (rN+)
You are resistant to electric shocks. (rElec)
You are resistant to unholy torment.
You are immune to petrification.


Message History

You block the killer bee's attack. The killer bee misses you.
You block the wraith's attack.
The killer bee stings you but does no damage.
You block the wraith's attack.
You closely miss the killer bee.
The killer bee is almost dead.
You block the killer bee's attack. x2; You block the wraith's attack.
The killer bee closely misses you.
You closely miss the killer bee.
The killer bee is almost dead.
The killer bee stings you but does no damage.
The killer bee closely misses you. The wraith hits you.
You block the killer bee's attack. The wraith closely misses you.
The killer bee stings you but does no damage.
You sock the killer bee!
Your weapon exudes an aura of protection.
You kill the killer bee!
Okawaru accepts your kill. You block the wraith's attack.
The wraith hits you but does no damage.
You hit the wraith but do no damage.
The wraith is lightly damaged.
You block the wraith's attack.
You barely miss the wraith.
The wraith is lightly damaged.
The wraith hits you!
* * * LOW HITPOINT WARNING * * *
The wraith drains your vigour!
You feel as though you will be slow longer.
You block the wraith's attack.
You barely miss the wraith. The wraith hits you!
* * * LOW HITPOINT WARNING * * *
The wraith drains your vigour!
You feel as though you will be slow longer.
You sock the wraith!
The wraith is moderately damaged.
You block the wraith's attack. The wraith hits you but does no damage.
You sock the wraith!
The wraith is heavily damaged.
You block the wraith's attack. The wraith hits you!
You die...

.# .. .# # .####..
..... ... ###W#
###.@†# .. ###...###
....#...############
#.....####........
#...#.#....#######
#.###)..#### #..
##<.#### ...
###......#######
.####.).###........#


You could see a wraith.

Vanquished Creatures
  Jeremiah (D:7)
  A kobold demonologist (D:8)
  A shadow (D:8)
  Sigmund (D:3)
  A wyvern (D:7)
  Eustachio (D:6)
  Menkaure (D:7)
  A water moccasin (D:7)
  Duvessa (D:6)
  An orc warrior (D:7)
  A black bear (D:7)
  2 sky beasts
  2 centaurs
  2 ogres (D:5)
  2 phantoms
  3 bullfrogs
  4 kobold brigands
  A gnoll sergeant (D:5)
  2 scorpions
  4 wights (D:7)
  Dowan (D:6)
  10 killer bees
  6 hounds
  A jelly (D:5)
  An orc priest (D:5)
  A gnoll bouda (D:7)
  2 sleepcaps (D:7)
  8 iguanas
  9 orc wizards
  17 gnolls
  8 adders
  2 white imps
  A worm (D:2)
  29 orcs
  9 endoplasms
  4 giant cockroaches
  4 hobgoblins
  10 jackals
  18 kobolds
  4 quokkas
  8 ball pythons
  7 frilled lizards
  10 goblins
  3 rats (D:1)
206 creatures vanquished.

Notes
Turn   | Place    | Note
-------+----------+-------------------------------------------
     0 | D:1      | Dittersdorf the Gargoyle Fighter began the quest for the
                  | Orb.
     0 | D:1      | Reached XP level 1. HP: 14/14 MP: 1/1
    70 | D:1      | Found Qumpear's Weapon Shop.
   132 | D:1      | Reached XP level 2. HP: 19/19 MP: 2/2
   348 | D:1      | Reached XP level 3. HP: 23/23 MP: 3/3
   831 | D:2      | Reached XP level 4. HP: 29/29 MP: 4/4
  1142 | D:2      | Found Jyixeo's General Store.
  1860 | D:3      | Reached XP level 5. HP: 33/33 MP: 5/5
  2230 | D:3      | Noticed Sigmund
  2284 | D:3      | Killed Sigmund
  2285 | D:3      | Reached XP level 6. HP: 23/39 MP: 6/6
  2718 | D:4      | Found a stormy altar of Qazlal.
  2876 | D:4      | Reached skill level 5 in Armour
  2882 | D:4      | Reached skill level 5 in Shields
  2891 | D:4      | Reached skill level 5 in Fighting
  3113 | D:4      | Reached XP level 7. HP: 44/44 MP: 7/7
  3430 | D:4      | Found Qiruts's Book Emporium.
  3723 | D:5      | Entered Level 5 of the Dungeon
  4115 | D:5      | Identified the +1 leather armour of Classification {-Tele
                  | Int+6}
  4266 | D:5      | Found a blossoming altar of Fedhas.
  4299 | D:5      | Reached XP level 8. HP: 51/51 MP: 8/8
  4370 | D:5      | Found a sparkling altar of Nemelex Xobeh.
  4473 | D:5      | Reached skill level 5 in Maces & Flails
  4735 | D:6      | Noticed Eustachio
  4788 | D:6      | Killed Eustachio
  5034 | D:6      | Noticed Duvessa
  5034 | D:6      | Noticed Dowan
  5060 | D:6      | Killed Duvessa
  5084 | D:6      | Killed Dowan
  5085 | D:6      | Reached XP level 9. HP: 45/56 MP: 9/9
  5173 | D:6      | Found a staircase to the Ecumenical Temple.
  5188 | Temple   | Entered the Ecumenical Temple
  5330 | Temple   | Became a worshipper of Warmaster Okawaru
  5757 | D:6      | Found an opulent altar of Gozag.
  6191 | D:7      | Reached * piety under Okawaru
  6349 | D:7      | Noticed Jeremiah
  6426 | D:7      | Killed Jeremiah
  6769 | D:7      | Reached XP level 10. HP: 64/64 MP: 10/10
  6818 | D:7      | Found a shadowy altar of Dithmenos.
  6835 | D:7      | Reached ** piety under Okawaru
  6895 | D:7      | Noticed Menkaure
  6901 | D:7      | Killed Menkaure
  7393 | D:8      | Found a basalt altar of Yredelemnul.
  8083 | D:9      | Noticed a kobold demonologist
  8190 | D:8      | Noticed an orange demon
  8204 | D:8      | Killed a kobold demonologist
  8204 | D:8      | Reached *** piety under Okawaru
  8316 | D:9      | Found a shimmering altar of Xom.
  8406 | D:9      | Slain by a wraith

Illustrated notes

Levels and vault maps discovered:
D:1:      dpeg_arrival_round_b, layout_rooms, serial_shops, shop,
          minmay_tiny_reverse_x
D:2:      layout_basic, serial_shops, nicolae_shop_tiny_real_fake_doors,
          serial_curves, eino_curves_01, eino_curves_04
D:3:      layout_basic, minivault_5, wander_ebering_terrifying_dragon_lair,
          uniq_sigmund
D:4:      layout_basic, general_overflow_altar, serial_shops, shop
D:5:      layout_gridville, kennysheep_mini, nemelex_dance_club_becter,
          chequers_serial_rivers_room_b, chequers_serial_rivers_micro_d
D:6:      layout_basic, mainiacjoe_overflow_tiny_flanked,
          minmay_temple_entry_large_hall, uniq_duvessa, uniq_eustachio
D:7:      layout_loops_corners, mainiacjoe_overflow_alcove_1, uniq_menkaure,
          uniq_jeremiah
D:8:      layout_loops_ring, old_standard_altar, minivault_5
D:9:      layout_rooms, lemuel_coloured_pillars_altar, jmf_multi_god_temple,
          serial_shops, nicolae_shop_real_fake_doors, ebering_ghost_gozag
Temple:   hellmonk_temple_flake

Skill      XL: |  1  2  3  4  5  6  7  8  9 10 |
---------------+-------------------------------+-----
Armour         | 4 5 6 8 9 |  9.0
Fighting       | 4 5 6 8 |  8.9
Shields        | 4 5 6 8 9 |  9.0
Maces & Flails | 3 4 5 7 |  7.8

Action                     |  1- 3 |  4- 6 |  7- 9 | 10-12 || total
---------------------------+-------+-------+-------+-------++-------
  Melee: Flail             |    92 |   241 |   583 |   242 ||  1158
  Throw: Dart              |       |     2 |     2 |       ||     4
    Use: Scroll            |       |       |    14 |     6 ||    20
 Armour: Scale mail        |    18 |       |       |       ||    18
         Chain mail        |    63 |   213 |   529 |   260 ||  1065
  Dodge: Dodged            |    45 |   116 |   260 |   126 ||   547
  Block: Buckler           |    16 |    46 |    17 |       ||    79
         Kite shield       |       |       |   290 |   182 ||   472

Table legend: (Time is in decaauts)
 A = Elapsed time spent in this place.
 B = Non-inter-level travel time spent in this place.
 C = Inter-level travel time spent in this place.
 D = Time resting spent in this place.
 E = Time spent auto-exploring this place.
 F = Levels seen in this place.
 G = Mean time per level.
                   A        B        C        D        E       F      G
               +--------+--------+--------+--------+--------+-----+--------+
         Total |   8658 |   8345 |    313 |    818 |   5315 |  10 |  865.8 |
       Dungeon |   8500 |   8197 |    303 |    707 |   5315 |   9 |  944.4 |
        Temple |    157 |    147 |     10 |    111 |      0 |   1 |  157.0 |
               +--------+--------+--------+--------+--------+-----+--------+

Top non-repeatable levels by time:
     D:7: 1493 daAuts
     D:3: 1253 daAuts
     D:6: 1107 daAuts
     D:4: 1089 daAuts
     D:5: 980 daAuts
     D:8: 910 daAuts
     D:2: 849 daAuts
     D:1: 643 daAuts
     D:9: 174 daAuts
  Temple: 157 daAuts
